 Dungeon Crawl Stone Soup version 0.30.1-4-g462c640d31 (webtiles) character file.

Game seed: 9727618307426166153

246 croobank the Chiller (level 5, 0/38 HPs)
             Began as a Demonspawn Ice Elementalist on Sept 3, 2023.
             Slain by Ijyb
             ... wielding a +0 club
              (4 damage)
             ... on level 3 of the Dungeon on Sept 4, 2023.
             The game lasted 00:28:26 (2399 turns).

croobank the Chiller (Demonspawn Ice Elementalist)  Turns: 2399, Time: 00:28:26

Health: 0/38       AC:  2    Str:  8    XL:     5   Next: 84%
Magic:  9/9        EV: 12    Int: 19    God:
Gold:   118        SH:  0    Dex: 13    Spells: 3/10 levels left

rFire   . . .        i - staff of cold
rCold   + . .        (no shield)
rNeg    . . .        a - +0 robe
rPois   .            (helmet restricted)
rElec   .            (no cloak)
rCorr   .            (no gloves)
SInv    .            (no boots)
Will    .....        (no amulet)
Stlth   ++           (no ring)
HPRegen 0.26/turn    (no ring)
MPRegen 0.11/turn

%: no passive effects
@: very slightly contaminated
A: horns 1, ignite blood 1
a: no special abilities


You were on level 3 of the Dungeon.
You visited 1 branch of the dungeon, and saw 3 of its levels.

You collected 118 gold pieces.

Inventory:

Hand Weapons
 c - a +3 whip
 d - a +0 heavy spear
 k - a +0 dagger
Armour
 a - a +0 robe (worn)
Magical Staves
 i - a staff of cold (weapon)
Scrolls
 e - a scroll of identify
 h - 2 scrolls of teleportation
 j - a scroll of immolation {unknown}
 m - a scroll of magic mapping {unknown}
Potions
 b - a potion of magic


   Skills:
 + Level 2.3 Fighting
 + Level 2.9 Dodging
 + Level 3.1 Stealth
 + Level 3.0 Spellcasting
 + Level 4.3 Ice Magic


You had 3 spell levels left.
You knew the following spells:

 Your Spells              Type           Power      Damage    Failure   Level
a - Freeze                Ice            100%       1d10      2%          1
b - Frozen Ramparts       Ice            58%        1d9       8%          3
c - Ozocubu's Armour      Ice            29%        N/A       8%          3

Your spell library contained the following spells:

 Spells                   Type           Power      Damage    Failure   Level
 Ensorcelled Hibernation  Hex/Ice        32%        N/A       10%         2
 Blink                    Tloc           4%         N/A       22%         2
 Lesser Beckoning         Tloc           4%         N/A       22%         2
 Momentum Strike          Conj/Tloc      4%         3d8       22%         2
 Spider Form              Tmut/Pois      2%         N/A       41%         3
 Summon Ice Beast         Ice/Summ       16%        N/A       52%         4
 Anguish                  Hex/Necr       1%         N/A       83%         4


Dungeon Overview and Level Annotations

Branches:
Dungeon (3/15)

Altars:
Kikubaaqudgha
Makhleb

Annotations:
D:3 Ijyb


Innate Abilities, Weirdness & Mutations

You have a pair of small horns on your head.
Your demonic aura sometimes causes spilled blood to erupt in flames.


Message History

Casting: Freeze (safe; 2% risk of failure)
Confirm with . or Enter, or press ? or * to list all spells.
Aiming: Freeze (safe; 2% risk of failure)
Press: ? - help, Shift-Dir - straight line, f/p - Ijyb
Aim: Ijyb, wielding a +0 club, wearing a +0 ring mail and carrying a wand of quicksilver (6) (moderately wounded)
You feel a surge of power!
You miscast Freeze.
Nothing appears to happen.
The wall freezes Ijyb.
Ijyb zaps a wand.
The bolt of dispelling energy hits you!
Your magical effects are unravelling.
Casting: Freeze (safe; 2% risk of failure)
Confirm with . or Enter, or press ? or * to list all spells.
Aiming: Freeze (safe; 2% risk of failure)
Press: ? - help, Shift-Dir - straight line, f/p - Ijyb
Aim: Ijyb, wielding a +0 club, wearing a +0 ring mail and carrying a wand of quicksilver (5) (moderately wounded)
You feel a surge of power!
You freeze Ijyb.
Ijyb is heavily wounded.
The frozen ramparts melt away.
Ijyb zaps a wand.
The bolt of dispelling energy hits you!
* * * LOW HITPOINT WARNING * * *
Casting: Freeze (safe; 2% risk of failure)
Confirm with . or Enter, or press ? or * to list all spells.
You don't have enough magic to cast this spell.
Unknown command.
Okay, then.
You are confused.
You feel invigorated. Ijyb hits you with a +0 club.
You feel very mighty all of a sudden. Ijyb closely misses you.
You feel less invigorated.
You feel less confused.
Ijyb zaps a wand.
The bolt of dispelling energy hits you!!
Your magical effects are unravelling.
Ouch! That really hurt!
* * * LOW HITPOINT WARNING * * *
You barely miss Ijyb.
Ijyb is moderately wounded.
You feel a little less mighty now. Ijyb hits you with a +0 club.
You die...

#.......#
#...†...#
#######'####
........########
######..........
#...##############
#...####..........
+.........g)......
#......#.#@######
#..###.#.#........
#..# #.#.#########
#..# #.#.# #..
#.#.# #.. #)#.#
#.. #.... ..


You could see Ijyb.

Vanquished Creatures
  Sigmund (D:2)
  An orc priest (D:3)
  2 adders
  2 dart slugs (D:1)
  4 orcs (D:3)
  4 endoplasms
  3 giant cockroaches
  5 goblins
  4 hobgoblins
  2 kobolds
  A quokka (D:2)
  4 ball pythons
  4 bats
  A frilled lizard (D:2)
38 creatures vanquished.

Notes
Turn   | Place    | Note
-------+----------+-------------------------------------------
     0 | D:1      | croobank the Demonspawn Ice Elementalist began the quest
                  | for the Orb.
     0 | D:1      | Reached XP level 1. HP: 13/13 MP: 3/3
   393 | D:1      | Gained mutation: You have a pair of small horns on your
                  | head. [demonic ancestry]
   393 | D:1      | Reached XP level 2. HP: 11/20 MP: 0/5
  1055 | D:2      | Reached skill level 1 in Fighting
  1140 | D:2      | Gained mutation: Your demonic aura sometimes causes spilled
                  | blood to erupt in flames. [demonic ancestry]
  1140 | D:2      | Reached XP level 3. HP: 25/26 MP: 3/6
  1301 | D:2      | Noticed Sigmund
  1315 | D:2      | Killed Sigmund
  1316 | D:2      | Reached skill level 4 in Ice Magic
  1316 | D:2      | Reached XP level 4. HP: 19/33 MP: 6/8
  1316 | D:2      | Reached XP level 5. HP: 22/38 MP: 6/9
  1526 | D:2      | Learned a level 3 spell: Frozen Ramparts
  1531 | D:2      | Learned a level 3 spell: Ozocubu's Armour
  2121 | D:3      | Found an ancient bone altar of Kikubaaqudgha.
  2124 | D:3      | Found a burning altar of Makhleb.
  2386 | D:3      | Noticed Ijyb
  2399 | D:3      | Slain by Ijyb

Illustrated notes

Levels and vault maps discovered:
D:1:      minmay_arrival_radiant_lines, layout_basic, minmay_misc_feat_rugged,
          minmay_parallelograms, minmay_distorted
D:2:      layout_basic, minmay_misc_feat_secret_circle, uniq_sigmund
D:3:      layout_basic, minitemple, minmay_circle_x, uniq_ijyb, uniq_terence

Skill      XL: |  1  2  3  4  5 |
---------------+----------------+-----
Dodging        | 2 |  2.9
Stealth        | 2 3 |  3.1
Fighting       | 1 2 |  2.3
Ice Magic      | 4 |  4.3
Spellcasting   | 3 |  3.0

Action                     |  1- 3 |  4- 6 || total
---------------------------+-------+-------++-------
  Melee: Dagger            |    20 |     3 ||    23
         Spear             |     4 |       ||     4
         Staff             |     2 |    10 ||    12
         Headbutt          |     1 |     1 ||     2
   Cast: Freeze            |    28 |     8 ||    36
         Frozen Ramparts   |       |     7 ||     7
         Ozocubu's Armour  |       |     2 ||     2
    Use: Scroll            |     2 |     3 ||     5
         Potion            |     1 |     3 ||     4
   Stab: Sleeping          |     5 |     3 ||     8
 Armour: Robe              |     9 |     1 ||    10
  Dodge: Dodged            |    31 |    21 ||    52
